 Dungeon Crawl Stone Soup version 0.29.1-15-g9cfb28693d (webtiles) character file.

Game seed: 8380805227815610247

14 Heoruswealwe the Digger (level 2, 12/15 HPs)
             Began as a Deep Elf Earth Elementalist on Apr 9, 2023.
             Was a Follower of Qazlal.
             Got out of the dungeon alive.
             The game lasted 00:04:03 (623 turns).

Heoruswealwe the Digger (DEEE)                       Turns: 623, Time: 00:04:03

Health: 12/15      AC:  2    Str:  5    XL:     2   Next: 31%
Magic:  8/8        EV: 12    Int: 19    God:    Qazlal [*.....]
Gold:   75         SH:  1    Dex: 15    Spells: 5/8 levels left

rFire   . . .      SeeInvis .   (no weapon)
rCold   . . .      Faith    .   (no shield)
rNeg    . . .      Spirit   .   a - +0 robe
rPois   .          Reflect  .   (no helmet)
rElec   .          Harm     .   (no cloak)
rCorr   .          Rampage  .   (no gloves)
Will    .....                   (no boots)
Stlth   ++........              (no amulet)
HPRegen 0.05/turn               (no ring)
MPRegen 0.11/turn               (no ring)

@: no status effects
A: no striking features
a: Renounce Religion


You escaped.
You worshipped Qazlal.
Qazlal was aware of your devotion.
You visited 1 branch of the dungeon, and saw 1 of its levels.

You collected 75 gold pieces.

Inventory:

Armour
 a - a +0 robe (worn)
Jewellery
 g - an amulet of reflection
Potions
 b - a potion of magic


   Skills:
 - Level 2.4 Dodging
 - Level 2.4 Stealth
 + Level 3.6 Spellcasting
 - Level 1.1 Transmutations
 + Level 3.7 Earth Magic


You had 5 spell levels left.
You knew the following spells:

 Your Spells              Type           Power      Damage    Failure   Level
a - Sandblast             Erth           34%        2d9       3%          1
z - Passwall              Tmut/Erth      10%        N/A       8%          2

Your spell library contained the following spells:

 Spells                   Type           Power      Damage    Failure   Level
 Stone Arrow              Conj/Erth      20%        3d8       21%         3
 Petrify                  Tmut/Erth      12%        N/A       45%         4


Dungeon Overview and Level Annotations

Branches:
Dungeon (1/15)

Altars:
Qazlal


Message History

You are now surrounded by a storm.
You enter the shallow water.
Moving in this stuff is going to be slow.
There is a dry fountain here.
You enter the shallow water.
Moving in this stuff is going to be slow.
You enter the shallow water.
Moving in this stuff is going to be slow.
Found a ring mail.
You see here a +0 ring mail.
You see here a +0 ring mail.
Found a ring mail.
You see here a +0 ring mail.
Found a fuming black potion.
Found a sedimented purple potion.
e - a fuming black potion
f - a sedimented purple potion
Found a stone staircase leading down.
Found a glowing cameo amulet.
g - an amulet of reflection Done exploring.
As you read the scroll labelled ACWIGHOESK, it crumbles to dust.
You assume a fearsome visage.
Nothing appears to happen.
It was a scroll of fear.
As you read the scroll labelled UNAARA JIPTIMET, it crumbles to dust.
Your body is wracked with pain!
It was a scroll of torment.
It was a potion of resistance.
You feel protected.
It was a potion of invisibility.
You fade into invisibility!
Press: ? - help, . - travel You can't see that place. [a staircase leading out of the dungeon.]
You flicker for a moment.
There is a stone staircase leading down here.
You flicker back into view.
You start to feel less resistant.
Your resistance to elements expires.
There is a staircase leading out of the dungeon here.
Are you sure you want to leave the Dungeon?
This will make you lose the game!
You have escaped!

#### ...# ###### ...#####
######### #..... .......##
##.......## #.####
........####.........## #.#
..........#.....8.....### #.#
........#....8..8..8....# #.#
##......###...........#.####.#
........# ##....@....##.##...#
.#.#.########.......###.#########
...........###########...>.......
.#.#.#####................#######
.#.#.# #.#######.###.##.# ...#.#
#.#######.# #.##.# .###.#
###.##...##.###.##.# .###.#
#...............##.### .....#
#........#...........#


There were no monsters in sight!

Vanquished Creatures
  A dart slug (D:1)
  2 ball pythons (D:1)
  An endoplasm (D:1)
  A giant cockroach (D:1)
  A goblin (D:1)
  A hobgoblin (D:1)
  2 kobolds (D:1)
  A bat (D:1)
10 creatures vanquished.

Vanquished Creatures (others)
  A plant (D:1)
1 creature vanquished.

Grand Total: 11 creatures vanquished

Notes
Turn   | Place    | Note
-------+----------+-------------------------------------------
     0 | D:1      | Heoruswealwe the Deep Elf Earth Elementalist began the
                  | quest for the Orb.
     0 | D:1      | Reached XP level 1. HP: 10/10 MP: 6/6
   326 | D:1      | Found a faded altar of an unknown god.
   332 | D:1      | Reached XP level 2. HP: 15/15 MP: 2/8
   335 | D:1      | Learned a level 2 spell: Passwall
   434 | D:1      | Prayed at the altar of an unknown god.
   434 | D:1      | Became a worshipper of Qazlal Stormbringer
   434 | D:1      | Reached * piety under Qazlal
   623 | D:$      | Got out of the dungeon alive.

Illustrated notes

Levels and vault maps discovered:
D:1:      dreamdust_arrival_beginning_and_end, layout_basic,
          shapermc_ecumenical_altar_mp_ritualfount

Action                   || total
-------------------------++-------
Melee: Unarmed           ||     8
 Cast: Sandblast         ||    15
  Use: Scroll            ||     2
       Potion            ||     2
Dodge: Dodged            ||     5
